PAAA
BANGOR TRIDENT BASE OGRES @ AUGUSTA TIMBER HAWKS
09/17/2023
 
TOP OF THE 1ST
Bangor Trident Base Ogres batting - Pitching for Augusta Timber Hawks : RHP Wayne Hayes
Pitching: RHP Wayne Hayes
Batting: SHB Juan Ortega 0-0: Foul Ball, location: 2F
0-1: Ball
1-1: Swinging Strike
1-2: Foul Ball, location: 2F
1-2: Ball
2-2: Fly out, F7 (Flyball, 7LMF)
Batting: RHB Johnny Foster 0-0: Fly out, F7 (Flyball, 7S)
Batting: RHB Tom Baker 0-0: Ball
1-0: Ball
2-0: Called Strike
2-1: Swinging Strike
2-2: Strikes out swinging
Top of the 1st over - 0 run(s), 0 hit(s), 0 error(s), 0 left on base; Bangor Trident Base 0 - Augusta 0
BOTTOM OF THE 1ST
Augusta Timber Hawks batting - Pitching for Bangor Trident Base Ogres : LHP Júlio Hernández
Pitching: LHP Júlio Hernández
Batting: RHB Rob Warner 0-0: Called Strike
0-1: Called Strike
0-2: Foul Ball, location: 2F
0-2: Ground out 6-3 (Groundball, 6)
Batting: RHB Ralph McKnight 0-0: Fly out, F8 (Flyball, 78M)
Batting: LHB Juan Rodríguez 0-0: Ball
1-0: Ball
2-0: Called Strike
2-1: Foul Ball, location: 2F
2-2: Ground out 4-3 (Groundball, 4)
Bottom of the 1st over - 0 run(s), 0 hit(s), 0 error(s), 0 left on base; Bangor Trident Base 0 - Augusta 0
TOP OF THE 2ND
Bangor Trident Base Ogres batting - Pitching for Augusta Timber Hawks : RHP Wayne Hayes
Batting: LHB Luis Costello 0-0: Ground out U3 (Groundball, 3)
Batting: RHB Augusto Rocha 0-0: Fly out, F5 (Line Drive, 5L)
Batting: RHB Hubert Dodson 0-0: Ball
1-0: Fly out, F9 (Flyball, 9D)
Top of the 2nd over - 0 run(s), 0 hit(s), 0 error(s), 0 left on base; Bangor Trident Base 0 - Augusta 0
BOTTOM OF THE 2ND
Augusta Timber Hawks batting - Pitching for Bangor Trident Base Ogres : LHP Júlio Hernández
Batting: LHB Chris Rice 0-0: Ball
1-0: Swinging Strike
1-1: Swinging Strike
1-2: Foul Ball, location: 2F
1-2: Foul Ball, location: 2F
1-2: Foul Ball, location: 2F
1-2: Foul Ball, location: 2F
1-2: Foul Ball, location: 2F
1-2: Ball
2-2: Foul Ball, location: 2F
2-2: Ball
3-2: SINGLE (Line Drive, 56D)
Batting: LHB Emílio Barbán 0-0: Swinging Strike
0-1: Ball
1-1: Called Strike
1-2: Foul Ball, location: 2F
1-2: Ball
2-2: Strikes out swinging
Batting: RHB Steve Hinkle 0-0: Foul Ball, location: 2F
0-1: Ball
1-1: Ball
2-1: Foul Ball, location: 2F
2-2: Foul Ball, location: 2F
2-2: SINGLE (Line Drive, 5L)
Chris Rice to second
Batting: RHB Claudio Mendoza 0-0: Ball
1-0: Ball
2-0: Ball
3-0: Base on Balls
Chris Rice to third
Steve Hinkle to second
Batting: RHB Hiwahikeiki Noelani 0-0: Fly out, F7 (Flyball, 7M)
Batting: RHB Marlon Cummins 0-0: Called Strike
0-1: SINGLE (Line Drive, 7LM)
Chris Rice scores
Steve Hinkle to third
Claudio Mendoza to second
Runner from 3rd tries for Home, SAFE, no throw or cutoff
Batting: RHB Rob Warner 0-0: Ball
1-0: Foul Ball, location: 2F
1-1: Swinging Strike
1-2: Ball
2-2: Fly out, F4 (Popup, 4)
Bottom of the 2nd over - 2 run(s), 3 hit(s), 0 error(s), 2 left on base; Bangor Trident Base 0 - Augusta 2
TOP OF THE 3RD
Bangor Trident Base Ogres batting - Pitching for Augusta Timber Hawks : RHP Wayne Hayes
Batting: LHB Geoff Tucker 0-0: Foul Ball, location: 2F
0-1: Swinging Strike
0-2: Foul Ball, location: 2F
0-2: Foul Ball, location: 2F
0-2: Ball
1-2: Strikes out swinging
Batting: RHB Luis Hernández 0-0: Ball
1-0: Called Strike
1-1: Foul Ball, location: 2F
1-2: Strikes out looking
Batting: RHB Ken Fulton 0-0: Called Strike
0-1: Ball
1-1: Ball
2-1: SINGLE (Groundball, 6MD)
Batting: SHB Juan Ortega 0-0: Ball
1-0: Called Strike
1-1: Ball
2-1: Fly out, F7 (Flyball, 78M)
Top of the 3rd over - 0 run(s), 1 hit(s), 0 error(s), 1 left on base; Bangor Trident Base 0 - Augusta 2
BOTTOM OF THE 3RD
Augusta Timber Hawks batting - Pitching for Bangor Trident Base Ogres : LHP Júlio Hernández
Batting: RHB Ralph McKnight 0-0: Ball
1-0: Ball
2-0: Ground out 6-3 (Groundball, 6)
Batting: LHB Juan Rodríguez 0-0: Called Strike
0-1: Fly out, F8 (Flyball, 8LXD)
Batting: LHB Chris Rice 0-0: Ball
1-0: Called Strike
1-1: Called Strike
1-2: Strikes out swinging
Bottom of the 3rd over - 0 run(s), 0 hit(s), 0 error(s), 0 left on base; Bangor Trident Base 0 - Augusta 2
TOP OF THE 4TH
Bangor Trident Base Ogres batting - Pitching for Augusta Timber Hawks : RHP Wayne Hayes
Batting: RHB Johnny Foster 0-0: Ball
1-0: Ball
2-0: Called Strike
2-1: Ball
3-1: Reached on Error, E6 (Popup, 56)
Batting: RHB Tom Baker 0-0: Ball
1-0: Swinging Strike
1-1: Grounds into double play, 6-4-3 (Groundball, 6)
Batting: LHB Luis Costello 0-0: Ball
1-0: Ball
2-0: Swinging Strike
2-1: Called Strike
2-2: Ball
3-2: Base on Balls
Batting: RHB Augusto Rocha 0-0: Foul Ball, location: 2F
0-1: Foul Ball, location: 2F
0-2: Foul Ball, location: 2F
0-2: SINGLE (Groundball, 6MD)
Luis Costello to second
Batting: RHB Hubert Dodson 0-0: Called Strike
0-1: Foul Ball, location: 2F
0-2: Fly out, F9 (Flyball, 89M)
Top of the 4th over - 0 run(s), 1 hit(s), 1 error(s), 2 left on base; Bangor Trident Base 0 - Augusta 2
BOTTOM OF THE 4TH
Augusta Timber Hawks batting - Pitching for Bangor Trident Base Ogres : LHP Júlio Hernández
Batting: LHB Emílio Barbán 0-0: Swinging Strike
0-1: Swinging Strike
0-2: Strikes out swinging
Batting: RHB Steve Hinkle 0-0: Ball
1-0: Foul Ball, location: 2F
1-1: Ball
2-1: Ball
3-1: Swinging Strike
3-2: Base on Balls
Batting: RHB Claudio Mendoza 0-0: Called Strike
0-1: Ball
1-1: Ground out 5-3 (Groundball, 56S)
Steve Hinkle to second
Batting: RHB Hiwahikeiki Noelani 0-0: Foul Ball, location: 2F
0-1: Ground out U3 (Groundball, 3)
Bottom of the 4th over - 0 run(s), 0 hit(s), 0 error(s), 1 left on base; Bangor Trident Base 0 - Augusta 2
TOP OF THE 5TH
Bangor Trident Base Ogres batting - Pitching for Augusta Timber Hawks : RHP Wayne Hayes
Batting: LHB Geoff Tucker 0-0: Ball
1-0: Foul Ball, location: 2F
1-1: Called Strike
1-2: SINGLE (Line Drive, 8LS)
Batting: RHB Luis Hernández 0-0: Called Strike
0-1: Sac Bunt - play at first, batter OUT! 1-3
Geoff Tucker to second
Batting: RHB Ken Fulton 0-0: Called Strike
0-1: Ball
1-1: SINGLE (Line Drive, 6)
Geoff Tucker to third
Batting: SHB Juan Ortega 0-0: Called Strike
0-1: SINGLE (Groundball, 34D)
Geoff Tucker scores
Ken Fulton to second
Runner from 2nd tries for 3rd, SAFE, throw made to third
Batting: RHB Johnny Foster 0-0: Called Strike
0-1: Ball
1-1: Ball
2-1: Ball
3-1: Reached on Error, E3 (Popup, 13)
Ken Fulton scores
Juan Ortega to second
Batting: RHB Tom Baker 0-0: Ball
1-0: Called Strike
1-1: Ball
2-1: Foul Ball, location: 2F
2-2: Fielders Choice at 3rd, U5 (Groundball, 5L)
Johnny Foster to second
Batting: LHB Luis Costello 0-0: Called Strike
0-1: Fly out, F7 (Flyball, 7M)
Top of the 5th over - 2 run(s), 3 hit(s), 1 error(s), 2 left on base; Bangor Trident Base 2 - Augusta 2
BOTTOM OF THE 5TH
Augusta Timber Hawks batting - Pitching for Bangor Trident Base Ogres : LHP Júlio Hernández
Batting: RHB Marlon Cummins 0-0: Ball
1-0: Foul Ball, location: 2F
1-1: Called Strike
1-2: Ball
2-2: Ball
3-2: Base on Balls
Batting: RHB Rob Warner 0-0: Bunted foul
0-1: Ball
1-1: Sac Bunt - play at first, batter OUT! 1-4
Marlon Cummins to second
Batting: RHB Ralph McKnight 0-0: Ball
1-0: Foul Ball, location: 2F
1-1: Called Strike
1-2: Foul Ball, location: 2F
1-2: DOUBLE (Line Drive, 7LM)
Marlon Cummins scores
Batting: LHB Juan Rodríguez 0-0: Called Strike
0-1: Called Strike
Throwing error on steal attempt, E2
Ralph McKnight scores
0-2: Ball
1-2: SINGLE (Groundball, 34D)
Batting: LHB Chris Rice 0-0: Ball
1-0: Ground out 4-3 (Groundball, 4M)
Juan Rodríguez to second
Batting: LHB Emílio Barbán 0-0: Ball
1-0: Foul Ball, location: 2F
1-1: Foul Ball, location: 2F
1-2: Ball
2-2: Ground out 3-1 (Groundball, 34)
Bottom of the 5th over - 2 run(s), 2 hit(s), 1 error(s), 1 left on base; Bangor Trident Base 2 - Augusta 4
TOP OF THE 6TH
Bangor Trident Base Ogres batting - Pitching for Augusta Timber Hawks : RHP Wayne Hayes
Batting: RHB Augusto Rocha 0-0: Ball
1-0: Swinging Strike
1-1: Fly out, F3 (Popup, 13)
Batting: RHB Hubert Dodson 0-0: Foul Ball, location: 2F
0-1: Foul Ball, location: 2F
0-2: Strikes out swinging
Batting: LHB Geoff Tucker 0-0: Ball
1-0: Called Strike
1-1: Ball
2-1: Ball
3-1: Base on Balls
Batting: RHB Luis Hernández 0-0: Called Strike
0-1: Ball
1-1: Foul Ball, location: 2F
1-2: Foul Ball, location: 2F
1-2: Foul Ball, location: 2F
1-2: SINGLE (Groundball, 56D)
Geoff Tucker to second
Batting: RHB Ken Fulton 0-0: Ball
1-0: Ball
2-0: Ball
3-0: Base on Balls
Geoff Tucker to third
Luis Hernández to second
Batting: SHB Juan Ortega 0-0: Called Strike
0-1: Ball
1-1: Swinging Strike
1-2: Ball
2-2: DOUBLE (Line Drive, 8RM)
Geoff Tucker scores
Luis Hernández scores
Ken Fulton to third
Runner from 3rd tries for Home, SAFE, throw made home
Pitching: RHP Tom Sosa
Batting: RHB Johnny Foster 0-0: Called Strike
0-1: Ball
1-1: Swinging Strike
1-2: Foul Ball, location: 2F
1-2: Ground out 5-3 (Groundball, 56)
Top of the 6th over - 3 run(s), 2 hit(s), 0 error(s), 1 left on base; Bangor Trident Base 5 - Augusta 4
BOTTOM OF THE 6TH
Augusta Timber Hawks batting - Pitching for Bangor Trident Base Ogres : LHP Júlio Hernández
Batting: RHB Steve Hinkle 0-0: Ball
1-0: Swinging Strike
1-1: Ground out 6-3 (Groundball, 56)
Batting: RHB Claudio Mendoza 0-0: Called Strike
0-1: Ball
1-1: Ball
2-1: SOLO HOME RUN (Flyball, 7D), Distance : 405 ft
Pitching: RHP Robert Neal
Batting: RHB Hiwahikeiki Noelani 0-0: Foul Ball, location: 2F
0-1: Ball
1-1: Ball
2-1: DOUBLE (Line Drive, 9LS)
Batting: RHB Marlon Cummins 0-0: Ball
1-0: Called Strike
1-1: Ball
2-1: Ball
3-1: Swinging Strike
3-2: Strikes out looking
Batting: RHB Rob Warner 0-0: DOUBLE (Flyball, 78XD)
Hiwahikeiki Noelani scores
Batting: RHB Ralph McKnight 0-0: Ball
1-0: Called Strike
1-1: Ball
2-1: Ground out 1-3 (Groundball, 15)
Bottom of the 6th over - 2 run(s), 3 hit(s), 0 error(s), 1 left on base; Bangor Trident Base 5 - Augusta 6
TOP OF THE 7TH
Bangor Trident Base Ogres batting - Pitching for Augusta Timber Hawks : RHP Tom Sosa
Batting: RHB Tom Baker 0-0: Fly out, F9 (Flyball, 9LM)
Batting: LHB Luis Costello 0-0: Foul Ball, location: 2F
0-1: Foul Ball, location: 2F
0-2: Ground out 4-3 (Groundball, 4)
Batting: RHB Augusto Rocha 0-0: Swinging Strike
0-1: Ball
1-1: Ball
2-1: Called Strike
2-2: Foul Ball, location: 2F
2-2: Fly out, F8 (Flyball, 8LM)
Top of the 7th over - 0 run(s), 0 hit(s), 0 error(s), 0 left on base; Bangor Trident Base 5 - Augusta 6
BOTTOM OF THE 7TH
Augusta Timber Hawks batting - Pitching for Bangor Trident Base Ogres : RHP Robert Neal
Batting: LHB Juan Rodríguez 0-0: DOUBLE (Line Drive, 7D)
Batting: LHB Chris Rice 0-0: Called Strike
0-1: Ball
1-1: Fly out, F7 (Flyball, 7M)
Batting: LHB Emílio Barbán 0-0: Intentional Walk
Batting: RHB Steve Hinkle 0-0: Ball
1-0: Foul Ball, location: 2F
1-1: Foul Ball, location: 2F
1-2: 3-RUN HOME RUN (Flyball, 78XD), Distance : 443 ft
Pitching: RHP Doug Sand
Batting: RHB Claudio Mendoza 0-0: Ball
1-0: Ball
2-0: Called Strike
2-1: Swinging Strike
2-2: Strikes out looking
Batting: RHB Hiwahikeiki Noelani 0-0: Swinging Strike
0-1: SINGLE (Groundball, 6MD)
Batting: RHB Marlon Cummins 0-0: Ball
Hiwahikeiki Noelani steals 2nd base
1-0: Called Strike
1-1: Ball
2-1: Foul Ball, location: 2F
2-2: Fly out, F3 (Popup, 9LSF)
Bottom of the 7th over - 3 run(s), 3 hit(s), 0 error(s), 1 left on base; Bangor Trident Base 5 - Augusta 9
TOP OF THE 8TH
Bangor Trident Base Ogres batting - Pitching for Augusta Timber Hawks : RHP Tom Sosa
Batting: RHB Hubert Dodson 0-0: Ball
1-0: SINGLE (Line Drive, 78M)
Batting: LHB Geoff Tucker 0-0: Ball
1-0: Fly out, F8 (Flyball, 8LM)
Batting: RHB Luis Hernández 0-0: Ball
1-0: Ball
2-0: Called Strike
2-1: Called Strike
2-2: Fly out, F8 (Flyball, 8RXD)
Batting: RHB Ken Fulton 0-0: Called Strike
0-1: SINGLE (Flyball, 9LM)
Hubert Dodson to second
Runner from 2nd tries for 3rd, SAFE, no throw or cutoff
Pitching: RHP Francisco García
Batting: SHB Juan Ortega 0-0: Called Strike
0-1: Called Strike
0-2: Ball
1-2: Ball
2-2: Foul Ball, location: 2F
2-2: Ground out 3-1 (Groundball, 34)
Top of the 8th over - 0 run(s), 2 hit(s), 0 error(s), 2 left on base; Bangor Trident Base 5 - Augusta 9
BOTTOM OF THE 8TH
Augusta Timber Hawks batting - Pitching for Bangor Trident Base Ogres : RHP Doug Sand
Batting: RHB Rob Warner 0-0: Called Strike
0-1: Swinging Strike
0-2: Ball
1-2: Strikes out swinging
Batting: RHB Ralph McKnight 0-0: Called Strike
0-1: Ball
1-1: Foul Ball, location: 2F
1-2: Foul Ball, location: 2F
1-2: Ball
2-2: Ball
3-2: Fly out, F8 (Flyball, 8LS)
Batting: LHB Juan Rodríguez 0-0: Called Strike
0-1: Ball
1-1: Ball
2-1: Ball
3-1: Base on Balls
Batting: LHB Chris Rice 0-0: Ball
Juan Rodríguez steals 2nd base
1-0: Ball
2-0: Swinging Strike
2-1: Ball
3-1: Ground out 6-3 (Groundball, 6M)
Bottom of the 8th over - 0 run(s), 0 hit(s), 0 error(s), 1 left on base; Bangor Trident Base 5 - Augusta 9
TOP OF THE 9TH
Bangor Trident Base Ogres batting - Pitching for Augusta Timber Hawks : RHP Francisco García
Batting: RHB Johnny Foster 0-0: Called Strike
0-1: Ball
1-1: Called Strike
1-2: Ball
2-2: Fly out, F9 (Flyball, 89M)
Batting: RHB Tom Baker 0-0: Called Strike
0-1: Called Strike
0-2: Ball
1-2: Ground out 6-3 (Groundball, 6)
Batting: LHB Luis Costello 0-0: Swinging Strike
0-1: Ball
1-1: Ground out 5-3 (Groundball, 56S)
Top of the 9th over - 0 run(s), 0 hit(s), 0 error(s), 0 left on base; Bangor Trident Base 5 - Augusta 9
This league is powered by Out of the Park Baseball, the baseball management simulation game for PC, Mac and Linux
Friday, July 8th, 2016 - OOTP Baseball 16.9 Build 39